 Dungeon Crawl Stone Soup version 0.22-a0-284-g99d1f74 (webtiles) character file.

1 MatthieuS the Insei (level 1, -4/18 HPs)
             Began as a Human Monk on Mar 22, 2018.
             Slain by a gnoll
             ... wielding a +0 spear
              (9 damage)
             ... on level 1 of the Dungeon.
             The game lasted 00:00:38 (117 turns).

MatthieuS the Insei (Human Monk)                     Turns: 117, Time: 00:00:38

Health: -4/18      AC:  2    Str: 11    XL:     1   Next: 22%
Magic:  1/1        EV: 12    Int: 10    God:
Gold:   13         SH:  3    Dex: 15    Spells: 0/0 levels left

rFire    . . .     SeeInvis .     - Unarmed
rCold    . . .     Gourm    .   b - +0 buckler
rNeg     . . .     Faith    .   a - +0 robe
rPois    .         Spirit   .   (no helmet)
rElec    .         Reflect  .   (no cloak)
rCorr    .         Harm     .   (no gloves)
MR       .....                  (no boots)
Stlth    ++........             (no amulet)
HPRegen  0.06/turn              (no ring)
MPRegen  0.07/turn              (no ring)

@: no status effects
A: no striking features
a: no special abilities


You were on level 1 of the Dungeon.
You were not hungry.

You visited 1 branch of the dungeon, and saw 1 of its levels.

You collected 13 gold pieces.

Inventory:

Armour
 a - a +0 robe (worn)
 b - a +0 buckler (worn)
   (You found it on level 1 of the Dungeon)
Comestibles
 d - a chunk of flesh
 e - a ration


   Skills:
 + Level 3.0 Fighting
 + Level 0.0 Armour
 - Level 3.0 Dodging
 - Level 2.0 Stealth
 + Level 0.0 Shields
 * Level 3.0 Unarmed Combat


You couldn't memorise any spells.
You didn't know any spells.

Dungeon Overview and Level Annotations

Branches:
Dungeon (1/15)

Altars:


Message History

Found 4 gold pieces.
Found a staircase leading out of the dungeon.
You now have 1 gold piece.
You now have 2 gold pieces (gained 1).
You now have 3 gold pieces (gained 1).
There is a fountain of clear blue water here.
You now have 4 gold pieces (gained 1).
You open the door.
There is an open door here.
You open the door.
Found 9 gold pieces.
Found a buckler.
There is an open door here.
You now have 13 gold pieces (gained 9).
Unknown command.
You see here a buckler.
b - a buckler Wear which item? (? for menu, Esc to quit)
You start putting on your armour.
You continue putting on your buckler. x4
You finish putting on your +0 buckler.
Found a fuming puce potion.
c - a fuming puce potion A bat comes into view.
You miss the bat. The bat barely misses you.
You hit the bat.
You kill the bat!
No target in view!
No target in view!
No target in view!
You see here a bat corpse.
You butcher the bat corpse.
d - a chunk of flesh
Found 21 stones.
A gnoll comes into view. It is wielding a spear.
The gnoll shouts!
It was a potion of curing.
You feel better. The gnoll barely misses you.
You hit the gnoll but do no damage. The gnoll hits you with a spear.
You hit the gnoll. The gnoll hits you with a spear.
You hit the gnoll but do no damage. The gnoll hits you with a spear.
* * * LOW HITPOINT WARNING * * *
You hit the gnoll. The gnoll barely misses you.
You barely miss the gnoll. The gnoll closely misses you.
You barely miss the gnoll. The gnoll barely misses you.
Unknown command.
You closely miss the gnoll. You block the gnoll's attack.
You hit the gnoll. You block the gnoll's attack.
You hit the gnoll. The gnoll hits you with a spear!
Ouch! That really hurt!
You die...

####### #.....##
#####.###..## ##
#.....###...####.
########.###.##..+......
......g@.# #...(#+#..##.
########## ##..## ##..##
#..## ##..# #..## ##.#
#.# ##. #. #. #. .# +. #
..# #. ...# #.


You could see a gnoll.

Vanquished Creatures
  A bat (D:1)
1 creature vanquished.

Notes
Turn   | Place    | Note
-------+----------+-------------------------------------------
     0 | D:1      | MatthieuS the Human Monk began the quest for the Orb.
     0 | D:1      | Reached XP level 1. HP: 18/18 MP: 1/1
   117 | D:1      | Slain by a gnoll

Vault maps used:
D:1:      giann_wishing_wells, st_stairs_8, grunt_decor_arrowhead

Action                   || total
-------------------------++-------
Melee: Unarmed           ||    11
  Use: Potion            ||     1
Dodge: Dodged            ||     5
Block: Buckler           ||     2

Table legend:
 A = Spawn XP
 B = Non-spawn XP
 C = Spawn XP percentage of total XP
 D = Spawn monster count
 E = Non-spawn monster count
 F = Spawn count percentage of total count
 G = Total turns spent on level
                    A         B        C        D         E        F      G
               +---------+---------+-------+---------+---------+-------+---------
         Total |       0 |       2 |   0.0 |       0 |       1 |   0.0 |   117
               +---------+---------+-------+---------+---------+-------+---------
           D:1 |       0 |       2 |   0.0 |       0 |       1 |   0.0 |   117
               +---------+---------+-------+---------+---------+-------+---------
